 Dungeon Crawl Stone Soup version 0.18-a0-912-g81d1dc4 (webtiles) character file.

16821 st0uf the Blocker (level 12, 106/106 HPs)
             Began as a Minotaur Fighter on Dec 25, 2015.
             Was the Champion of Pakellas.
             Quit the game on level 4 of the Lair of Beasts.
             The game lasted 01:05:51 (13643 turns).

st0uf the Blocker (Minotaur Fighter)               Turns: 13643, Time: 01:05:51

Health: 106/106    AC: 20    Str: 29    XL:     12   Next: 13%
Magic:  22/22      EV: 11    Int:  5    God:    Pakellas [******]
Gold:   823        SH: 13    Dex: 10    Spells: 0 memorised, 11 levels left

rFire  . . .     SeeInvis +     b - +7 falchion of Inquiry {flame, Str+3 SInv}
rCold  . . .     Gourm    .     n - +0 plate armour
rNeg   . . .     Faith    .     c - +0 shield
rPois  .         Spirit   .     (helmet restricted)
rElec  .         Dismiss  .     B - +0 cloak
rCorr  .         Reflect  .     (no gloves)
SustAt +         Harm     .     G - +2 pair of boots {Stlth+}
MR     .....                    (no amulet)
Stlth  ..........               u - ring of sustain attributes
                                L - ring of magical power

@: not resistant to hostile enchantments, extremely unstealthy
A: retaliatory headbutt, horns 2
a: Quick Charge, Device Surge, Supercharge, Renounce Religion


You were on level 4 of the Lair of Beasts.
You worshipped Pakellas.
Pakellas was exalted by your worship.
You were not hungry.

You visited 2 branches of the dungeon, and saw 16 of its levels.

You collected 926 gold pieces.
You spent 103 gold pieces at shops.

Inventory:

Hand Weapons
 b - the +7 falchion of Inquiry (weapon) {flame, Str+3 SInv}
   (You found it on level 1 of the Lair of Beasts)

   It has been specially enchanted to burn those struck by it, causing extra
   injury to most foes and up to half again as much damage against particularly
   susceptible opponents.
   Big, fiery blades are also staple armaments of hydra-hunters.
   It affects your strength (+3).
   It lets you see invisible.
 x - a +6 rapier of electrocution
 D - a +1 short sword of flaming
Missiles
 M - 3 throwing nets (quivered)
Armour
 c - a +0 shield (worn)
 n - a +0 plate armour (worn)
 r - a +0 scale mail
 B - a +0 cloak (worn)
 G - a +2 pair of boots of stealth (worn)
Rods
 e - a +3 rod of clouds (14/14)
   (You found it on level 1 of the Lair of Beasts)
 o - a +0 rod of ignition (10/10)
   (Pakellas gifted it to you on level 9 of the Dungeon)
Jewellery
 g - an uncursed ring of ice
 m - an uncursed ring of positive energy
 u - a ring of sustain attributes (right hand)
 L - a ring of magical power (left hand)
Wands
 i - a wand of confusion (25/48)
 E - a wand of disintegration (14/24)
 I - a wand of fire (12/15)
 P - a wand of frost (28/48)
 Q - a wand of slowing (23/48)
Scrolls
 h - 2 scrolls of identify
 l - a scroll of blinking {unknown}
 q - 3 scrolls of remove curse
 s - a scroll of fear {unknown}
 t - 2 scrolls of enchant armour {unknown}
 y - 2 scrolls of recharging {unknown}
 z - 4 scrolls of fog {unknown}
 A - 2 scrolls of teleportation
 K - a scroll of summoning {unknown}
 V - 2 scrolls of immolation
Potions
 a - a potion of lignification
 d - 2 potions of might
 j - a potion of poison {unknown}
 p - a potion of haste
 v - 2 potions of curing
 H - a potion of cancellation
 S - 2 potions of invisibility
Books
 N - a book of Clouds

   Spells                             Type                      Level
   a - Mephitic Cloud                 Conjuration/Poison/Air       3
   b - Conjure Flame                  Conjuration/Fire             3
   c - Poisonous Cloud                Conjuration/Poison/Air       6
   d - Freezing Cloud                 Conjuration/Ice/Air          6
   e - Ring of Flames                 Charms/Fire                  7
 O - a book of Death

   Spells                             Type                      Level
   a - Corpse Rot                     Necromancy                   2
   b - Sublimation of Blood           Necromancy                   2
   c - Agony                          Necromancy                   5
   d - Dispel Undead                  Necromancy                   5
   e - Excruciating Wounds            Charms/Necromancy            5
   f - Bolt of Draining               Conjuration/Necromancy       5
 R - a Necronomicon

   Spells                             Type                      Level
   a - Haunt                          Necromancy/Summoning         7
   b - Borgnjor's Revivification      Necromancy                   8
   c - Death's Door                   Charms/Necromancy            8
   d - Necromutation                  Transmutation/Necromancy     8
 U - a book of Air

   Spells                             Type                      Level
   a - Shock                          Conjuration/Air              1
   b - Swiftness                      Charms/Air                   2
   c - Repel Missiles                 Charms/Air                   2
   d - Static Discharge               Conjuration/Air              3
   e - Lightning Bolt                 Conjuration/Air              5
Miscellaneous
 F - a plain deck of summoning
 J - a lamp of fire
 W - a piece from Xom's chessboard
Comestibles
 f - 11 bread rations
 k - 11 royal jellies
 w - 9 meat rations
 C - 9 beef jerkies
 Y - 6 fruits


   Skills:
 + Level 9.8 Fighting
 + Level 7.1(8.2) Short Blades
 + Level 7.0(8.6) Long Blades
 + Level 11.0 Armour
 + Level 9.4 Dodging
 + Level 12.5 Shields
 * Level 3.2 Evocations


You had 11 spell levels left.
You didn't know any spells.

Dungeon Overview and Level Annotations

Branches:
Dungeon (12/15)            Temple (0/1) D:7            Lair (4/8) D:11
 Shoals (0/4) Lair:3          Orc (0/2) D:9
  Snake: Lair:3-6    Spider: Lair:3-6

Altars:
Ashenzari
Elyvilon
Pakellas
Ru
Trog
Xom
Beogh

Shops:
D:6 :[   D:7 %   D:8 !

Portals:
Trove: D:12 (show abyssal rune of Zot)


Innate Abilities, Weirdness & Mutations

You reflexively headbutt those who attack you in melee.
You have a pair of horns on your head.


Message History

There is a staircase to the Shoals here.
You see here a snapping turtle skeleton.
There is an open door here.
There is a stone staircase leading down here.
You climb downwards.
You feel an oppressive heat about you.
There is an entrance to a volcano on this level.
Hurry and find it before the entrance collapses!
Found a metal-bound book, a plain deck of cards and a chain mail.
There is a stone staircase leading up here.
R - a Necronomicon
Found 26 gold pieces.
All of the chunks of flesh in your inventory have rotted away.
You see here a plain deck of cards.
F - a plain deck of cards You now have 823 gold pieces (gained 26).
Okay, then.
Okay, then.
Quiver which item? (- for none, * to show all) (? for menu, Esc to quit)
Okay, then.
Are you sure you want to abandon this character and quit the game? (Confirm with "yes".)

..........#
.........#
#........##
#........P#
#######.........#
#P.#P.#.........#
#.....[........##
##.........@.....#
#.........#####.##
##.........#
##...........#
###............#
.................
.......<..........
...................
..............##.##


There were no monsters in sight!

Vanquished Creatures
  A hydra (Lair:2)
  Harold (D:11)
  Erica (D:10)
  A death yak (Lair:3)
  A deep elf mage (D:9)
  A cyclops (D:11)
  Joseph (D:7)
  A spiny frog (Lair:1)
  A black mamba (Lair:3)
  4 komodo dragons
  A queen bee (Lair:2)
  A snapping turtle (Lair:3)
  A two-headed ogre (D:9)
  A wyvern (D:8)
  A wraith (D:10)
  7 hippogriffs
  Eustachio (D:4)
  8 yaks
  4 wolves (Lair:3)
  2 hungry ghosts (D:7)
  Menkaure (D:7)
  2 porcupines
  6 water moccasins
  3 sky beasts
  5 orc warriors
  A centaur (D:11)
  A necrophage (D:6)
  3 black bears
  3 ice beasts
  An eye of draining (D:8)
  6 ogres
  The ghost of M4edhros the Charlatan, an amateur OpAr (D:5)
  5 crocodiles
  8 giant frogs
  2 big kobolds
  A water moccasin skeleton (D:5)
  6 wights
  22 killer bees (Lair:2)
  A quasit (D:10)
  2 electric eels
  3 crimson imps
  9 orc wizards
  A jelly (D:5)
  7 iguanas
  7 orc priests
  12 hounds
  2 centaur skeletons
  7 worker ants
  12 sheep (Lair:1)
  2 hound zombies
  A hound skeleton (D:7)
  A worker ant zombie (D:4)
  16 adders
  39 river rats
  2 shadow imps
  An ooze (D:1)
  4 giant geckos
  54 orcs
  A ball python (D:2)
  8 bats
  4 giant cockroaches
  7 goblins
  5 hobgoblins
  5 jackals
  7 kobolds
  3 quokkas
  4 giant newts
  A jackal skeleton (D:5)
  A quokka skeleton (D:4)
  A quokka zombie (D:7)
  7 rats
354 creatures vanquished.

Vanquished Creatures (collateral kills)
  2 killer bees (Lair:2)
2 creatures vanquished.

Vanquished Creatures (others)
  A killer bee (Lair:2)
  A giant cockroach (D:5)
  4 fungi
  2 plants
8 creatures vanquished.

Grand Total: 364 creatures vanquished

Notes
Turn   | Place    | Note
--------------------------------------------------------------
     0 | D:1      | st0uf the Minotaur Fighter began the quest for the Orb.
     0 | D:1      | Reached XP level 1. HP: 19/19 MP: 0/0
     3 | D:1      | Noticed an electric eel
     3 | D:1      | Noticed an electric eel
   214 | D:1      | Reached XP level 2. HP: 27/27 MP: 1/1
   295 | D:1      | Reached skill level 4 in Shields
   683 | D:2      | Reached XP level 3. HP: 20/33 MP: 2/2
  1013 | D:2      | Found a shattered altar of Ashenzari.
  1279 | D:3      | Reached XP level 4. HP: 40/40 MP: 3/3
  1280 | D:3      | Found a sacrificial altar of Ru.
  2148 | D:4      | Reached skill level 5 in Shields
  2304 | D:4      | Reached skill level 1 in Dodging
  2304 | D:4      | Reached XP level 5. HP: 32/47 MP: 4/4
  2787 | D:4      | Reached skill level 5 in Armour
  2832 | D:4      | Noticed Eustachio
  2852 | D:4      | Killed Eustachio
  2852 | D:4      | Reached XP level 6. HP: 5/55 MP: 5/5
  2852 | D:4      | HP: 1/55 [hound (2)]
  3159 | D:4      | Reached skill level 5 in Fighting
  3306 | D:4      | Reached skill level 6 in Shields
  3422 | D:4      | Found a white marble altar of Elyvilon.
  3422 | D:4      | Found an oddly glowing altar of Pakellas.
  3427 | D:4      | Became a worshipper of Pakellas the Inventive
  3527 | D:5      | Entered Level 5 of the Dungeon
  3535 | D:5      | Noticed M4edhros's ghost (amateur OpAr)
  3548 | D:5      | Reached XP level 7. HP: 49/61 MP: 6/6
  3670 | D:5      | Killed M4edhros's ghost
  3965 | D:5      | Found a shimmering altar of Xom.
  4022 | D:5      | Reached * piety under Pakellas
  4434 | D:5      | Reached skill level 7 in Shields
  4438 | D:5      | Reached XP level 8. HP: 51/70 MP: 7/7
  4727 | D:6      | Found Fuxkeoge's Antique Armour Shoppe.
  4733 | D:6      | Reached skill level 1 in Short Blades
  4772 | D:6      | Bought a pair of runed boots for 103 gold pieces
  4993 | D:6      | Reached ** piety under Pakellas
  4993 | D:6      | Received a gift from Pakellas
  5104 | D:6      | Found Ezenus's Book Shop.
  5514 | D:7      | Reached skill level 5 in Dodging
  5545 | D:7      | Found a shattered altar of Ashenzari.
  5605 | D:7      | Found Vubaim's Food Boutique.
  5617 | D:7      | Found a bloodstained altar of Trog.
  5637 | D:7      | Reached skill level 8 in Shields
  5652 | D:7      | Found a staircase to the Ecumenical Temple.
  5674 | D:7      | Noticed Menkaure
  5685 | D:7      | Killed Menkaure
  5738 | D:7      | Noticed Joseph
  5855 | D:7      | Killed Joseph
  5855 | D:7      | Reached XP level 9. HP: 57/78 MP: 8/8
  6192 | D:7      | Reached skill level 9 in Shields
  6387 | D:7      | Reached *** piety under Pakellas
  6765 | D:8      | Reached skill level 5 in Short Blades
  6977 | D:8      | Reached XP level 10. HP: 56/86 MP: 9/9
  7185 | D:8      | Found Garobro's Distillery.
  7577 | D:9      | Reached skill level 10 in Shields
  7708 | D:9      | Reached **** piety under Pakellas
  7708 | D:9      | Received a gift from Pakellas
  7713 | D:9      | Identified a +0 rod of ignition (10/10) (Pakellas gifted it to you on level 9 of the Dungeon)
  7948 | D:9      | HP: 4/86 [hippogriff (1)]
  8462 | D:9      | Found a roughly hewn altar of Beogh.
  8462 | D:9      | Found a staircase to the Orcish Mines.
  8512 | D:9      | Noticed a deep elf mage
  8520 | D:9      | Killed a deep elf mage
  8735 | D:10     | Entered Level 10 of the Dungeon
  8799 | D:10     | Noticed Erica
  8811 | D:10     | Killed Erica
  8811 | D:10     | Reached skill level 11 in Shields
  8842 | D:10     | You fall through a shaft for 2 floors!
  8876 | D:12     | Found a portal to a secret trove of treasure.
  8997 | D:11     | Noticed a cyclops
  9005 | D:11     | Killed a cyclops
  9222 | D:11     | Noticed Harold
  9234 | D:11     | Killed Harold
  9234 | D:11     | Reached XP level 11. HP: 83/95 MP: 10/10
  9371 | D:11     | Found a staircase to the Lair.
  9425 | Lair:1   | Entered Level 1 of the Lair of Beasts
  9686 | Lair:1   | Got a smoking falchion
  9687 | Lair:1   | Identified the +7 falchion of Inquiry {flame, Str+3 SInv} (You found it on level 1 of the Lair of Beasts)
  9694 | Lair:1   | Reached ***** piety under Pakellas
  9726 | Lair:1   | Reached skill level 10 in Armour
  9928 | Lair:1   | Identified a +3 rod of clouds (14/14) (You found it on level 1 of the Lair of Beasts)
 10567 | Lair:1   | Reached skill level 5 in Long Blades
 10567 | Lair:1   | Reached skill level 1 in Evocations
 11179 | Lair:2   | Reached skill level 12 in Shields
 11490 | Lair:2   | Noticed a seven-headed hydra
 11500 | Lair:2   | Killed a two-headed hydra
 12406 | Lair:3   | Reached ****** piety under Pakellas
 12657 | Lair:3   | Reached XP level 12. HP: 102/106 MP: 13/13
 13391 | Lair:3   | Found a staircase to the Shoals.
 13643 | Lair:4   | Quit the game

Vault maps used:
D:1:      arrival_aquarium_b
D:2:      evilmike_ruin_ashenzari
D:3:      lemuel_coloured_pillars_altar
D:4:      gammafunk_temple_overflow_statue, st_stairs_14, uniq_eustachio
D:5:      xom_confusion_cloud, first_bread
D:6:      serial_shops, shop, minmay_misc_feat_diagonals,
          kennysheep_windowed_goal
D:7:      overflow_temple_1_default, trog_ov_bears_minmay,
          minmay_temple_entry_overgrown, serial_shops, shop_statue,
          grunt_ogre_cave, uniq_joseph, uniq_menkaure
D:8:      serial_shops, nicolae_shop_behind_doors, serial_bayou_pond_c,
          minmay_orc_keep
D:9:      david_orc_5
D:10:     minmay_misc_feat_nine_boxes, uniq_erica
D:11:     david_lair_shrubbed, fedhas_bush_and_centaur_altar, uniq_harold,
          uniq_grum
D:12:     trove_entry_hex_spiral, uniq_nergalle, uniq_fannar, uniq_erolcha
Lair:2:   special_room, serial_bayou_shore_b
Lair:3:   minmay_shoals_entry_hut, infiniplex_staircase_pool_2
Lair:4:   nicolae_volcano_entry_s_turn

Action                   |  1- 3 |  4- 6 |  7- 9 | 10-12 || total
-------------------------+-------+-------+-------+-------++-------
Melee: Long sword        |    90 |   122 |       |       ||   212
       Rapier            |       |    15 |   342 |   242 ||   599
       Short sword       |       |       |    12 |    22 ||    34
       Falchion          |       |       |       |   357 ||   357
Invok: Quick Charge      |       |       |     1 |     2 ||     3
Evoke: Wand              |       |       |       |     3 ||     3
       Rod               |       |       |       |     4 ||     4
  Use: Potion            |       |     1 |       |       ||     1
       Scroll            |       |       |       |    18 ||    18
  Eat: Chunk             |     1 |     8 |    12 |    20 ||    41
       Pizza             |       |       |     1 |       ||     1
       Bread ration      |       |       |       |     1 ||     1
